 Dungeon Crawl Stone Soup version 0.24-a0-613-g1ff6aac338 (webtiles) character file.

Game seed: 17480539115510690390, levelgen mode: deterministic

12086 MenacingMecha the Severer (level 11, -8/73 HPs)
             Began as a Hill Orc Fighter on Sept 10, 2019.
             Was a High Priest of Okawaru.
             Mangled by a white ugly thing (26 damage)
             ... on level 12 of the Dungeon on Sept 11, 2019.
             The game lasted 00:36:11 (12830 turns).

MenacingMecha the Severer (Hill Orc Fighter)       Turns: 12830, Time: 00:36:12

Health: -8/73      AC: 13    Str: 18 (19) XL:     11   Next: 87%
Magic:  0/16       EV: 13    Int:  8 (11) God:    Okawaru [*****.]
Gold:   136        SH:  9    Dex: 14 (15) Spells: 10/10 levels left

rFire    . . .     SeeInvis +   a - +0 war axe
rCold    . . .     Gourm    .   Z - +3 buckler of the Storm King {Regen+ Str-3 Int+3}
rNeg     . . .     Faith    .   U - +2 ring mail {MR+} {MR+}
rPois    +         Spirit   +   (no helmet)
rElec    .         Reflect  .   V - scarf {repulsion}
rCorr    .         Harm     .   S - +0 pair of gloves
MR       +....                  B - +0 pair of boots
Stlth    +.........             z - amulet of guardian spirit {Spirit}
HPRegen  0.62/turn              k - +2 ring of dexterity
MPRegen  0.15/turn              p - ring of poison resistance {rPois}

@: repel missiles
A: talons 1, thin metallic scales 1, see invisible, frail 1, strong 1
a: Heroism, Finesse, Renounce Religion


You were on level 12 of the Dungeon.
You worshipped Okawaru.
Okawaru was extremely pleased with you.
You were near starving.

You visited 2 branches of the dungeon, and saw 13 of its levels.

You collected 616 gold pieces.
You spent 480 gold pieces at shops.

Inventory:

Hand Weapons
 a - a +0 war axe (weapon)
 q - a +2 whip of venom
   (You found it on level 2 of the Dungeon)
 s - a +0 hand axe of venom
   (You took it off Blork the orc on level 4 of the Dungeon)
 R - a +2 scimitar of flaming
   (You took it off Erica on level 9 of the Dungeon)
 W - a +2 shortbow of velocity
   (You took it off a centaur on level 10 of the Dungeon)
Missiles
 j - 427 stones (quivered)
 x - 63 poisoned darts
 E - 141 arrows
 L - 64 bolts
 T - 20 boomerangs
Armour
 B - a +0 pair of boots (worn)
   (You found it on level 4 of the Dungeon)
 S - a +0 pair of gloves (worn)
   (You bought it in a shop on level 10 of the Dungeon)
 U - a +2 ring mail of magic resistance (worn) {MR+}
   (You bought it in a shop on level 10 of the Dungeon)
 V - a scarf of repulsion (worn)
   (You bought it in a shop on level 10 of the Dungeon)
 X - a +0 plate armour
   (You took it off an orc warrior on level 11 of the Dungeon)
 Z - the +3 buckler of the Storm King (worn) {Regen+ Str-3 Int+3}
   (Okawaru gifted it to you on level 11 of the Dungeon)

   It affects your strength (-3).
   It affects your intelligence (+3).
   It increases your rate of regeneration.
Jewellery
 k - a +2 ring of dexterity (left hand)
   (You found it on level 1 of the Dungeon)
 p - a ring of poison resistance (right hand) {rPois}
   (You found it on level 2 of the Dungeon)
 u - an uncursed ring of fire {rF+, rC-}
   (You found it on level 3 of the Dungeon)
 z - an amulet of guardian spirit (around neck) {Spirit}
   (You found it on level 4 of the Dungeon)
Wands
 b - a wand of scattershot (8)
   (You found it on level 10 of the Dungeon)
 y - a wand of polymorph (12)
   (You found it on level 4 of the Dungeon)
 D - a wand of paralysis (15)
   (You found it on level 5 of the Dungeon)
 M - a wand of acid (4)
   (You found it on level 6 of the Dungeon)
 Y - a wand of random effects (19)
   (You found it on level 11 of the Dungeon)
Scrolls
 i - 5 scrolls of remove curse
 m - 12 scrolls of identify
 v - a scroll of noise
 G - 2 scrolls of immolation
 I - a scroll of blinking
 J - 2 scrolls of fog
 K - a scroll of amnesia
Potions
 d - 3 potions of might
 g - a potion of haste
 o - 3 potions of curing
 A - a potion of flight
 C - a potion of agility
 O - a potion of lignification
Comestibles
 f - 19 rations


   Skills:
 - Level 3.6 Fighting
 * Level 17.7 Axes
 + Level 7.4 Armour
 + Level 4.9 Dodging
 - Level 6.9 Shields
 * Level 7.0 Invocations


You had 10 spell levels left.
You didn't know any spells.
Your spell library contained the following spells:

 Spells                   Type           Power        Failure   Level  Hunger
 Sublimation of Blood     Necr           #.........   71%         2    ###....
 Ignite Poison            Fire/Tmut/Pois #.......     91%         3    ####...
 Cause Fear               Hex            #.........   100%        4    #####..
 Petrify                  Tmut/Erth      #.......     100%        4    #####..
 Alistair's Intoxication  Tmut/Pois      #.......     100%        5    ######.
 Irradiate                Conj/Tmut      #.........   100%        5    ######.
 Silence                  Hex/Air        #.........   100%        5    ######.
 Yara's Violent Unravell  Hex/Tmut       #.........   100%        5    ######.
 Deflect Missiles         Chrm/Air       #.........   100%        6    #######
 Discord                  Hex            #.........   100%        8    #######


Dungeon Overview and Level Annotations

Branches:
Dungeon (12/15)            Temple (1/1) D:4            Lair (0/6) D:9
    Orc (0/2) D:11

Altars:
Ashenzari
Cheibriados
Dithmenos
Elyvilon
Fedhas
Gozag
Hepliaklqana
Kikubaaqudgha
Makhleb
Nemelex Xobeh
Okawaru
Qazlal
Ru
Sif Muna
Trog
Uskayaw
Vehumet
Wu Jian
Xom
Yredelemnul
Zin
The Shining One
Lugonu

Shops:
D:10 [[

Annotations:
D:4 exclusion: phantom
D:5 3 runed translucent doors, PeterQ's ghost, amateur HOMo
D:8 Psyche
D:10 exclusion: orange crystal statue


Innate Abilities, Weirdness & Mutations

You have sharp toenails.
You are partially covered in thin metallic scales. (AC +2)
You have supernaturally acute eyesight. (SInv)
You are frail. (-10% HP)
Your muscles are strong. (Str +2)


Message History

The white ugly thing claws you. The white ugly thing freezes you!!
You hit the white ugly thing but do no damage.
The white ugly thing is lightly wounded.
You barely miss the white ugly thing.
The white ugly thing is lightly wounded.
The white ugly thing claws you but does no damage.
You slash the white ugly thing!
The white ugly thing is lightly wounded.
You hit the white ugly thing but do no damage.
The white ugly thing is lightly wounded.
You closely miss the white ugly thing.
The white ugly thing is lightly wounded.
You block the white ugly thing's attack.
You hit the white ugly thing but do no damage.
The white ugly thing is lightly wounded.
You are near starving!
A brown ugly thing comes into view.
The white ugly thing claws you. The white ugly thing freezes you!!
* * * LOW HITPOINT WARNING * * *
The brown ugly thing gurgles horribly!
You block the white ugly thing's attack.
As you read the scroll of fear, it crumbles to dust.
You assume a fearsome visage.
The white ugly thing looks frightened!
The ogre looks frightened!
The brown ugly thing looks frightened!
A wyvern comes into view.
The wyvern hisses angrily.
Your hands slow down.
A centaur warrior zombie comes into view.
The wyvern closely misses you. The wyvern bites you!
* * * LOW HITPOINT WARNING * * *
You block the centaur warrior zombie's attack.
The wyvern bites you but does no damage.
The wyvern bites you!
* * * LOW HITPOINT WARNING * * *
You hit the wyvern.
The wyvern is lightly wounded.
You hit the centaur warrior zombie but do no damage.
You block the wyvern's attack. The centaur warrior zombie misses you.
The wyvern bites you!
* * * LOW HITPOINT WARNING * * *
You feel much better.
You block the centaur warrior zombie's attack.
The wyvern bites you!
* * * LOW HITPOINT WARNING * * *
You hit the wyvern but do no damage.
The wyvern is lightly wounded.
You hit the centaur warrior zombie.
You block the centaur warrior zombie's attack.
The wyvern closely misses you.
You closely miss the wyvern.
The wyvern is lightly wounded.
You slash the centaur warrior zombie! You block the wyvern's attack.
The centaur warrior zombie barely misses you.
You closely miss the wyvern.
The wyvern is lightly wounded.
You hit the centaur warrior zombie.
The wyvern bites you but does no damage.
The centaur warrior zombie hits you but does no damage.
You hit the wyvern.
The wyvern is moderately wounded.
You hit the centaur warrior zombie. You block the wyvern's attack.
The centaur warrior zombie completely misses you.
You slash the wyvern!
The wyvern is severely wounded.
You barely miss the centaur warrior zombie.
The wyvern bites you but does no damage.
The centaur warrior zombie closely misses you.
You closely miss the wyvern.
The wyvern is severely wounded.
You completely miss the centaur warrior zombie.
You block the wyvern's attack.
The centaur warrior zombie hits you but does no damage.
You slash the wyvern!
You kill the wyvern!
Okawaru accepts your kill.
Your Invocations skill increases to level 7!
You hit the centaur warrior zombie.
You block the centaur warrior zombie's attack.
The centaur warrior zombie misses you.
The teleport trap disappears.
The white ugly thing disappears!
The centaur warrior zombie hits you but does no damage.
You slash the centaur warrior zombie!
The centaur warrior zombie is moderately damaged.
The centaur warrior zombie closely misses you.
You barely miss the centaur warrior zombie.
The centaur warrior zombie is moderately damaged.
The centaur warrior zombie hits you.
* * * LOW HITPOINT WARNING * * *
You slash the centaur warrior zombie!
The centaur warrior zombie is heavily damaged.
You block the centaur warrior zombie's attack.
You hit the white ugly thing.
The white ugly thing is lightly wounded.
You hit the centaur warrior zombie but do no damage.
The centaur warrior zombie barely misses you.
The white ugly thing claws you.
* * * LOW HITPOINT WARNING * * *
The white ugly thing freezes you!!
You die...

###################################
.............................%.....
..............................%....
############...####################
# #...####################
############.......................
..........<)....u@Z................
#####################..............
# #.............. # #..............
# #.............. # #§.............
# #.............. # #..............
#####################...........†.^


You could see a white ugly thing and a centaur warrior zombie.

Vanquished Creatures
  A hydra (D:12)
  Erica (D:9)
  A two-headed ogre (D:9)
  3 death yaks (D:9)
  An unseen horror (D:11)
  2 centaur zombies
  A komodo dragon (D:12)
  2 wraiths
  2 wyverns
  3 yaks (D:12)
  Menkaure (D:6)
  2 hungry ghosts (D:10)
  A water moccasin (D:6)
  A porcupine (D:9)
  2 orc warriors (D:11)
  2 ice beasts
  A sky beast (D:4)
  2 phantoms
  2 hornet zombies
  A black bear (D:7)
  7 ogres
  4 centaurs
  A necrophage (D:10)
  A crocodile (D:10)
  Blork the orc (D:4)
  2 big kobolds
  3 bullfrogs
  2 wyvern skeletons
  A scorpion (D:4)
  32 killer bees
  2 vampire bats (D:9)
  3 howler monkeys (D:10)
  2 crimson imps
  A bullfrog zombie (D:9)
  5 orc priests
  A hound (D:4)
  2 centaur skeletons
  3 bullfrog skeletons
  Jessica (D:2)
  3 iguanas
  8 orc wizards
  13 worker ants
  A hound zombie (D:6)
  4 hound skeletons
  Robin (D:2)
  7 gnolls
  2 river rats (D:9)
  9 adders
  A shadow imp (D:12)
  An ooze (D:1)
  2 adder skeletons
  A worm (D:3)
  A dart slug (D:2)
  5 leopard geckos
  38 orcs
  5 bats
  3 bat skeletons (D:9)
  4 bat zombies (D:9)
  6 giant cockroaches
  10 hobgoblins
  22 kobolds
  3 quokkas
  3 frilled lizards
  11 goblins
  A quokka zombie (D:7)
  9 rats
280 creatures vanquished.

Vanquished Creatures (others)
  A kobold (D:2)
  2 fungi (D:5)
  2 plants (D:5)
5 creatures vanquished.

Grand Total: 285 creatures vanquished

Notes
Turn   | Place    | Note
-------+----------+-------------------------------------------
     0 | D:1      | MenacingMecha the Hill Orc Fighter began the quest for the
                  | Orb.
     0 | D:1      | Reached XP level 1. HP: 19/19 MP: 1/1
    18 | D:1      | Reached skill level 3 in Axes
    29 | D:1      | Reached XP level 2. HP: 24/26 MP: 2/2
   300 | D:1      | Reached skill level 4 in Axes
   523 | D:1      | Reached XP level 3. HP: 27/31 MP: 3/3
   671 | D:2      | Noticed Jessica
   683 | D:2      | Killed Jessica
   683 | D:2      | Reached skill level 5 in Axes
   742 | D:2      | Found a hazy altar of Hepliaklqana.
   742 | D:2      | Found a sparkling altar of Nemelex Xobeh.
   758 | D:2      | Reached XP level 4. HP: 35/39 MP: 4/4
  1310 | D:2      | Found a basalt altar of Yredelemnul.
  1312 | D:2      | Noticed a profane servitor
  1590 | D:2      | Found a glowing golden altar of the Shining One.
  1592 | D:2      | Noticed an angel
  1750 | D:2      | Reached skill level 6 in Axes
  1808 | D:2      | Found a shadowy altar of Dithmenos.
  1904 | D:2      | Noticed Robin
  1919 | D:2      | Killed Robin
  2168 | D:3      | Reached XP level 5. HP: 41/45 MP: 5/5
  2321 | D:3      | Reached skill level 7 in Axes
  2936 | D:4      | Found a staircase to the Ecumenical Temple.
  2947 | Temple   | Entered the Ecumenical Temple
  3064 | Temple   | Became a worshipper of Warmaster Okawaru
  3098 | D:4      | Reached XP level 6. HP: 50/51 MP: 6/6
  3139 | D:4      | Noticed a phantom
  3146 | D:4      | Reached skill level 8 in Axes
  3353 | D:4      | Reached skill level 9 in Axes
  3357 | D:4      | Reached XP level 7. HP: 54/57 MP: 7/7
  3422 | D:4      | Reached skill level 10 in Axes
  3552 | D:4      | Reached * piety under Okawaru
  3670 | D:4      | Reached skill level 1 in Invocations
  3765 | D:4      | Noticed Blork the orc
  3776 | D:4      | Killed Blork the orc
  3776 | D:4      | Reached skill level 2 in Invocations
  3846 | D:4      | Reached skill level 11 in Axes
  4017 | D:5      | Entered Level 5 of the Dungeon
  4028 | D:4      | Reached XP level 8. HP: 55/64 MP: 6/9
  4108 | D:5      | Reached skill level 3 in Invocations
  4380 | D:5      | Found a runed translucent gate.
  4384 | D:5      | Found a runed translucent gate.
  4385 | D:5      | Found a runed translucent gate.
  4385 | D:5      | Noticed PeterQ's ghost (amateur HOMo)
  4386 | D:5      | Identified the +6 dagger "Yraedug" {drain, SInv}
  4512 | D:5      | Reached ** piety under Okawaru
  4512 | D:5      | Reached skill level 12 in Axes
  4512 | D:5      | Reached skill level 4 in Shields
  5476 | D:6      | Reached skill level 5 in Shields
  5688 | D:6      | Found a white marble altar of Elyvilon.
  5805 | D:6      | Reached XP level 9. HP: 70/70 MP: 11/11
  5884 | D:6      | Reached skill level 13 in Axes
  5994 | D:6      | Found a shattered altar of Ashenzari.
  6191 | D:6      | Reached *** piety under Okawaru
  6637 | D:7      | Reached skill level 6 in Shields
  6732 | D:7      | Noticed Menkaure
  6747 | D:6      | Killed Menkaure
  6769 | D:7      | Reached skill level 14 in Axes
  7042 | D:7      | Found an ornate altar of the Wu Jian Council.
  7069 | D:7      | Found a radiant altar of Vehumet.
  7201 | D:7      | Found an opulent altar of Gozag.
  7237 | D:7      | Found a sacrificial altar of Ru.
  7481 | D:7      | Reached **** piety under Okawaru
  7931 | D:7      | Reached skill level 15 in Axes
  7938 | D:7      | Reached XP level 10. HP: 45/77 MP: 6/12
  8140 | D:8      | Noticed Psyche
  8232 | D:9      | Noticed a death yak
  8235 | D:9      | Found a staircase to the Lair.
  8235 | D:9      | Noticed a two-headed ogre
  8235 | D:9      | Noticed a death yak
  8236 | D:9      | Noticed a death yak
  8262 | D:9      | Killed a death yak
  8262 | D:9      | Reached skill level 4 in Armour
  8262 | D:9      | Reached skill level 1 in Dodging
  8267 | D:9      | HP: 15/77 [two-headed ogre/+0 giant club (12)]
  8276 | D:9      | HP: 12/77 [two-headed ogre/+0 giant club (9)]
  8278 | D:9      | Killed a two-headed ogre
  8278 | D:9      | Reached skill level 2 in Dodging
  8625 | D:9      | Killed a death yak
  8625 | D:9      | Reached skill level 16 in Axes
  8625 | D:9      | Reached skill level 5 in Armour
  8664 | D:9      | HP: 19/77 [death yak (10)]
  8666 | D:9      | Killed a death yak
  8666 | D:9      | Reached ***** piety under Okawaru
  8666 | D:9      | Reached skill level 3 in Dodging
  8676 | D:9      | HP: 18/77 [porcupine's spines (3)]
  8676 | D:9      | HP: 8/77 [porcupine (10)]
  9210 | D:9      | Found a stormy altar of Qazlal.
  9371 | D:9      | Reached skill level 6 in Armour
  9400 | D:9      | Reached XP level 11. HP: 44/82 MP: 8/13
  9656 | D:9      | Noticed Erica
  9675 | D:9      | Killed Erica
  9675 | D:9      | Reached skill level 4 in Dodging
 10041 | D:9      | Found an ancient bone altar of Kikubaaqudgha.
 10093 | D:10     | Entered Level 10 of the Dungeon
 10108 | D:10     | Found Unnioz's Armour Shop.
 10148 | D:10     | Bought a +2 ring mail of magic resistance for 231 gold
                  | pieces
 10148 | D:10     | Bought a scarf of repulsion for 132 gold pieces
 10269 | D:10     | Reached skill level 17 in Axes
 10383 | D:10     | Found Geawol's Antique Armour Shop.
 10386 | D:10     | Bought a pair of gloves for 117 gold pieces
 10510 | D:10     | Noticed an orange crystal statue
 10580 | D:10     | Reached skill level 4 in Invocations
 11237 | D:11     | Found a staircase to the Orcish Mines.
 11535 | D:11     | Reached skill level 5 in Invocations
 11564 | D:11     | Received a gift from Okawaru
 11567 | D:11     | Got a fine buckler {god gift}
 11582 | D:11     | Identified the +3 buckler of the Storm King {Regen+ Str-3
                  | Int+3} (Okawaru gifted it to you on level 11 of the
                  | Dungeon)
 12119 | D:12     | Reached skill level 7 in Armour
 12215 | D:12     | Noticed a six-headed hydra
 12224 | D:12     | Killed a one-headed hydra
 12224 | D:12     | Reached skill level 6 in Invocations
 12434 | D:11     | Killed an unseen horror
 12540 | D:11     | Gained mutation: You are frail. (-10% HP) [potion of
                  | mutation]
 12540 | D:11     | Gained mutation: You have a beak for a mouth. [potion of
                  | mutation]
 12540 | D:11     | Gained mutation: You have supernaturally acute eyesight.
                  | (SInv) [potion of mutation]
 12542 | D:11     | Lost mutation: You have a beak for a mouth. [potion of
                  | mutation]
 12542 | D:11     | Gained mutation: You are partially covered in thin metallic
                  | scales. (AC +2) [potion of mutation]
 12542 | D:11     | Gained mutation: You have sharp toenails. [potion of
                  | mutation]
 12542 | D:11     | Gained mutation: Your muscles are strong. (Str +2) [potion
                  | of mutation]
 12772 | D:12     | Noticed a white ugly thing
 12787 | D:12     | Noticed a brown ugly thing
 12789 | D:12     | HP: 13/73 [white ugly thing (31)]
 12807 | D:12     | HP: 12/73 [wyvern (13)]
 12812 | D:12     | HP: 9/73 [wyvern (6)]
 12814 | D:12     | HP: 1/73 [wyvern (9)]
 12822 | D:12     | Reached skill level 7 in Invocations
 12826 | D:12     | HP: 17/73 [centaur warrior zombie (3)]
 12830 | D:12     | Mangled by a white ugly thing

Levels and vault maps discovered:
D:1:      dpeg_arrival_arbitrary_c, layout_rooms
D:2:      layout_loops_ring, grunt_temple_overflow_holy_war, lemuel_round_altar,
          grunt_temple_overflow_open, first_ration,
          chequers_serial_rivers_small_3, uniq_jessica, uniq_robin
D:3:      layout_rooms, eino_tiny_chamber, kennysheep_generic_room_16
D:4:      layout_rooms, minmay_temple_entry_glassed_door, uniq_blork_the_orc
D:5:      layout_layer_cave, gammafunk_ghost_nasty_kobolds,
          minmay_misc_feat_secret_circle
D:6:      layout_gridville, elyvilon_altar_1, cheibrodos_ashenzari_chains
D:7:      layout_basic, kennysheep_mini_moat, old_standard_altar,
          lemuel_round_altar, old_standard_altar, uniq_menkaure
D:8:      layout_basic, david_nohive_1, uniq_psyche
D:9:      layout_loops_ring, nicolae_qazlal_style_of_elements,
          kennysheep_vampire_church, dpeg_lair_monsters, uniq_erica
D:10:     layout_roguey, serial_shops, nicolae_shop_behind_doors, shop,
          minmay_statue_bubble
D:11:     layout_long_grid, orc_0_dummy, minmay_misc_feat_pillars
D:12:     layout_long_grid
Temple:   kb_corrupted_temple

Skill      XL: |  1  2  3  4  5  6  7  8  9 10 11 |
---------------+----------------------------------+-----
Axes           | 3 4 5 6 7 9 11 12 15 16 17 | 17.7
Invocations    | 2 3 7 |  7.0
Shields        | 5 6 |  6.9
Armour         | 6 7 |  7.4
Dodging        | 3 4 |  4.9
Fighting       | |  3.6

Action                   |  1- 3 |  4- 6 |  7- 9 | 10-12 || total
-------------------------+-------+-------+-------+-------++-------
Melee: War axe           |    73 |    27 |    92 |    88 ||   280
       Whip              |       |   125 |    51 |       ||   176
       Hand axe          |       |       |   260 |   449 ||   709
       Scimitar          |       |       |       |    10 ||    10
Throw: Stone             |       |       |    69 |    24 ||    93
Invok: Heroism           |       |       |       |     4 ||     4
       Finesse           |       |       |       |     2 ||     2
  Use: Potion            |       |     2 |       |    14 ||    16
       Scroll            |       |     1 |     1 |    10 ||    12
  Eat: Chunk             |       |     4 |    15 |     7 ||    26
       Ration            |       |     1 |       |     3 ||     4
Armor: Scale mail        |    31 |    59 |   102 |    35 ||   227
       Ring mail         |       |       |       |    92 ||    92
Dodge: Dodged            |    18 |    34 |    88 |   171 ||   311
       Deflected         |       |       |       |     7 ||     7
Block: Shield            |    32 |    71 |   180 |   170 ||   453
       Buckler           |       |       |       |    68 ||    68

Table legend:
 A = Non-vault XP
 B = Vault XP
 C = Vault XP percentage of total XP
 D = Non-vault monster count
 E = Vault monster count
 F = Vault count percentage of total count
                 A         B        C        D         E       F
            +---------+---------+-------+---------+---------+-------
      Total |   12579 |    4687 |  27.1 |     243 |      37 |  13.2
            +---------+---------+-------+---------+---------+-------
        D:1 |      36 |       0 |   0.0 |      18 |       0 |   0.0
        D:2 |      63 |      58 |  47.9 |      17 |       5 |  22.7
        D:3 |     162 |       7 |   4.1 |      22 |       3 |  12.0
        D:4 |     870 |      96 |   9.9 |      36 |       1 |   2.7
        D:5 |     725 |       0 |   0.0 |      20 |       0 |   0.0
        D:6 |     926 |     183 |  16.5 |      18 |       1 |   5.3
        D:7 |     983 |     556 |  36.1 |      23 |       9 |  28.1
        D:8 |      35 |       0 |   0.0 |       2 |       0 |   0.0
        D:9 |    1898 |    3787 |  66.6 |      14 |      18 |  56.2
       D:10 |    2195 |       0 |   0.0 |      28 |       0 |   0.0
       D:11 |    2098 |       0 |   0.0 |      31 |       0 |   0.0
       D:12 |    2588 |       0 |   0.0 |      14 |       0 |   0.0
            +---------+---------+-------+---------+---------+-------

Levels and vault maps discovered:
D:1:      dpeg_arrival_arbitrary_c, layout_rooms
D:2:      layout_loops_ring, grunt_temple_overflow_holy_war, lemuel_round_altar,
          grunt_temple_overflow_open, first_ration,
          chequers_serial_rivers_small_3, uniq_jessica, uniq_robin
D:3:      layout_rooms, eino_tiny_chamber, kennysheep_generic_room_16
D:4:      layout_rooms, minmay_temple_entry_glassed_door, uniq_blork_the_orc
D:5:      layout_layer_cave, gammafunk_ghost_nasty_kobolds,
          minmay_misc_feat_secret_circle
D:6:      layout_gridville, elyvilon_altar_1, cheibrodos_ashenzari_chains
D:7:      layout_basic, kennysheep_mini_moat, old_standard_altar,
          lemuel_round_altar, old_standard_altar, uniq_menkaure
D:8:      layout_basic, david_nohive_1, uniq_psyche
D:9:      layout_loops_ring, nicolae_qazlal_style_of_elements,
          kennysheep_vampire_church, dpeg_lair_monsters, uniq_erica
D:10:     layout_roguey, serial_shops, nicolae_shop_behind_doors, shop,
          minmay_statue_bubble
D:11:     layout_long_grid, orc_0_dummy, minmay_misc_feat_pillars
D:12:     layout_long_grid
Temple:   kb_corrupted_temple

Table legend:
 A = Turns spent in this place as a percentage of turns spent in the entire game.
 B = Non-inter-level travel turns spent in this place as a percentage of non-inter-level travel turns spent in the entire game.
 C = Inter-level travel turns spent in this place as a percentage of turns spent in this place.
 D = Turns resting spent in this place as a percentage of non-inter-level travel turns spent in this place.
 E = Turns spent auto-exploring this place as a percentage of non-inter-level travel turns spent in this place.
 F = Non-inter-level travel turns spent in this place divided by the number of levels of this place that you've seen.
                   A       B       C       D       E      F
               +-------+-------+-------+-------+-------+----------------------
         Total | 100.0 | 100.0 |   3.5 |  28.1 |  39.5 | 952.8
       Dungeon |  98.9 |  99.2 |   3.2 |  28.3 |  39.1 | 1023.8
        Temple |   1.1 |   0.8 |  25.2 |   0.0 |  97.0 | 101.0
               +-------+-------+-------+-------+-------+----------------------

Table legend:
 A = Kills in this place as a percentage of kills in entire the game.
 B = Kills by you in this place as a percentage of kills by you in the entire game.
 C = Kills by friends in this place as a percentage of kills by friends in the entire game.
 D = Other kills in this place as a percentage of other kills in the entire game.
 E = Experience gained in this place as a percentage of experience gained in the entire game.
 F = Experience gained in this place divided by the number of levels of this place that you have seen.
                   A       B       C       D       E      F
               +-------+-------+-------+-------+-------+----------------------
         Total | 100.0 | 100.0 |   N/A |   N/A | 100.0 | 1328.2
       Dungeon | 100.0 | 100.0 |   N/A |   N/A | 100.0 | 1438.8
               +-------+-------+-------+-------+-------+----------------------
